 Dungeon Crawl Stone Soup version 0.30-a0-800-g7c544603b3 (webtiles) character file.

Game seed: 15404565059821837273

25 testman the Covered (level 3, 0/26 HPs)
             Began as a Human Wanderer on Feb 22, 2023.
             Slain by a gnoll
             ... wielding a +0 spear
              (2 damage)
             ... on level 1 of the Dungeon.
             The game lasted 00:03:43 (1119 turns).

testman the Covered (Human Wanderer)                Turns: 1119, Time: 00:03:44

Health: 0/26       AC: 11    Str: 15    XL:     3   Next: 17%
Magic:  4/6        EV:  6    Int: 12    God:
Gold:   24         SH:  0    Dex: 11    Spells: 5/6 levels left

rFire   . . .      SeeInvis .    f - +0 dagger
rCold   . . .      Faith    .    (no shield)
rNeg    . . .      Spirit   .    d - +0 chain mail
rPois   .          Reflect  .    (no helmet)
rElec   .          Harm     .    (no cloak)
rCorr   .          Rampage  .    (no gloves)
Will    .....                    m - +0 pair of boots Stlth
                                 (no amulet)
HPRegen 0.24/turn                (no ring)
MPRegen 0.10/turn                (no ring)

@: very slightly contaminated
A: no striking features
a: no special abilities


You were on level 1 of the Dungeon.
You visited 1 branch of the dungeon, and saw 2 of its levels.

You collected 24 gold pieces.

Inventory:

Hand Weapons
 a - a +0 club
 f - a +0 dagger (weapon)
 n - a +1 antimagic spear
Armour
 d - a +0 chain mail (worn)
 m - a +0 pair of boots (worn)
Scrolls
 c - 2 scrolls of fear
 e - a scroll of torment {unknown}
 h - 4 scrolls of enchant weapon {unknown}
 i - a scroll of identify {unknown}
 j - a scroll of poison {unknown}
 l - a scroll of silence {unknown}
Potions
 b - 2 potions of curing
 g - a potion of ambrosia {unknown}
 k - a potion of might {unknown}


   Skills:
 + Level 1.1 Fighting
 + Level 0.9 Short Blades
 - Level 5.0 Armour
 - Level 1.0 Stealth
 + Level 2.3 Spellcasting
 + Level 1.6 Summonings
 - Level 1.0 Evocations


You had 5 spell levels left.
You knew the following spells:

 Your Spells              Type           Power      Damage    Failure   Level
a - Summon Small Mammal   Summ           20%        N/A       94%         1

Your spell library contained the following spells:

 Spells                   Type           Power      Damage    Failure   Level
 Cigotuvi's Dreadful Rot  Necr/Pois/Air  2%         N/A       100%        2
 Summon Guardian Golem    Hex/Summ       3%         N/A       100%        3
 Dispel Undead            Necr           1%         3d6       100%        4
 Death Channel            Necr           0%         N/A       100%        6


Dungeon Overview and Level Annotations

Branches:
Dungeon (2/15)

Altars:


Message History

The gnoll hits you but does no damage. The kobold hits you but does no damage.
You hit the kobold but do no damage.
The gnoll hits you from afar with a +0 spear.
The gnoll hits you from afar with a +0 halberd.
The kobold barely misses you.
A worm comes into view.
The kobold attacks as you move away! The kobold hits you but does no damage.
The kobold throws a stone.
The stone hits you but does no damage.
There is a stone staircase leading up here.
The gnoll hits you but does no damage.
You climb upwards.
There is a stone staircase leading down here.
You start resting.
HP restored.
You climb downwards.
The gnoll hits you but does no damage.
The gnoll hits you from afar with a +0 halberd.
The gnoll barely misses you.
There is a stone staircase leading up here.
The gnoll hits you but does no damage.
The gnoll hits you from afar with a +0 halberd!
The gnoll hits you but does no damage.
You climb upwards.
There is a stone staircase leading down here.
The gnoll attacks as you move away! The gnoll hits you with a +0 spear.
* * * LOW HITPOINT WARNING * * *
The gnoll hits you from afar with a +0 spear.
* * * LOW HITPOINT WARNING * * *
The gnoll hits you but does no damage.
Casting: Summon Small Mammal (safe; 94% risk of failure)
Press: ? - help, Q - select action Dir - look around, f - activate You miscast Summon Small Mammal.
You are very lightly contaminated with residual magic.
Nothing appears to happen.
The gnoll barely misses you. The gnoll hits you with a +0 club.
* * * LOW HITPOINT WARNING * * *
Casting: Summon Small Mammal (safe; 94% risk of failure)
Press: ? - help, Q - select action Dir - look around, f - activate You miscast Summon Small Mammal.
Nothing appears to happen.
The gnoll hits you from afar with a +0 spear.
You die...

..........# ..........#
....####### ....# ....##
.....# ###..#
###..###################
..............gg@......#
###............#######.#
.##.#..#######.# #.#
.##..........#.# #.#
.####...####.#.# #.# .#
#.)......#.# #.#
#######..#####.# #.#
##.##....# #.# #.#
.#..#.##.#####.#######.#


You could see 2 gnolls.

Vanquished Creatures
  A worm (D:2)
  2 ball pythons (D:1)
  A bat (D:1)
  2 giant cockroaches (D:1)
  5 goblins (D:1)
  3 hobgoblins (D:1)
  A quokka (D:1)
  2 kobolds
  A rat (D:1)
18 creatures vanquished.

Notes
Turn   | Place    | Note
-------+----------+-------------------------------------------
     0 | D:1      | testman the Human Wanderer began the quest for the Orb.
     0 | D:1      | testman set off with the following items: a +0 club, a
                  | potion of curing, a scroll of fear, a +0 chain mail; and
                  | the following spell memorised: Summon Small Mammal; and the
                  | following spells available to memorise: Summon Guardian
                  | Golem.
     0 | D:1      | Reached XP level 1. HP: 13/13 MP: 3/3
   241 | D:1      | Reached XP level 2. HP: 19/20 MP: 5/5
   659 | D:1      | Reached skill level 1 in Fighting
   814 | D:1      | Reached XP level 3. HP: 25/26 MP: 6/6
  1118 | D:1      | HP: 1/26 [gnoll/+0 club (1)]
  1119 | D:1      | Slain by a gnoll

Illustrated notes

Levels and vault maps discovered:
D:1:      psy_arrival_radial01, layout_basic
D:2:      layout_basic, hellmonk_ecumenical_altar_leap_of_faith,
          minmay_joined_circles

Skill      XL: |  1  2 |
---------------+-------+-----
Fighting       | 1 |  1.1
Short Blades   | |  0.9
Armour         | |  5.0
Stealth        | |  1.0
Spellcasting   | |  2.3
Summonings     | |  1.6
Evocations     | |  1.0

Action                     || total
---------------------------++-------
  Melee: Dagger            ||   178
         Club              ||    14
         Punch             ||     2
   Cast: Summon Small Mamm ||     2
   Stab: Distracted        ||     2
 Armour: Chain mail        ||   144
  Dodge: Dodged            ||    71

Table legend: (Time is in decaauts)
 A = Elapsed time spent in this place.
 B = Non-inter-level travel time spent in this place.
 C = Inter-level travel time spent in this place.
 D = Time resting spent in this place.
 E = Time spent auto-exploring this place.
 F = Levels seen in this place.
 G = Mean time per level.
                   A        B        C        D        E       F      G
               +--------+--------+--------+--------+--------+-----+--------+
         Total |   1119 |   1084 |     35 |     34 |    735 |   2 |  559.5 |
       Dungeon |   1119 |   1084 |     35 |     34 |    735 |   2 |  559.5 |
               +--------+--------+--------+--------+--------+-----+--------+

Top non-repeatable levels by time:
     D:1: 1022 daAuts
     D:2: 96 daAuts
